 Dungeon Crawl Stone Soup version 0.20-a0-268-gb6bde61 (webtiles) character file.

394 Fraydo the Slasher (level 6, 0/47 HPs)
             Began as a Demonspawn Gladiator on Dec 6, 2016.
             Killed by divine providence
             ... invoked by an orc priest
              (11 damage)
             ... on level 3 of the Dungeon.
             The game lasted 00:14:32 (3697 turns).

Fraydo the Slasher (Demonspawn Gladiator)           Turns: 3697, Time: 00:14:32

Health: 0/47       AC: 12    Str: 17    XL:     6   Next: 52%
Magic:  6/6        EV: 12    Int: 10    God:
Gold:   124        SH:  0    Dex: 13    Spells: 5/5 levels left

rFire  . . .     SeeInvis .     a - +0 long sword
rCold  . . .     Gourm    .     k - +2 ring mail {MR+}
rNeg   . . .     Faith    .     (no shield)
rPois  .         Spirit   .     t - +1 helmet
rElec  .         Reflect  .     (no cloak)
rCorr  .         Harm     .     (no gloves)
MR     +....                    w - +0 pair of boots
Stlth  +.........               l - amulet of magic regeneration
                                (no ring)
                                (no ring)

@: no status effects
A: thin metallic scales 1
a: no special abilities


You were on level 3 of the Dungeon.
You were not hungry.

You visited 1 branch of the dungeon, and saw 3 of its levels.

You collected 124 gold pieces.

Inventory:

Hand Weapons
 a - a +0 long sword (weapon)
Missiles
 d - 3 throwing nets (quivered)
 m - 55 stones
Armour
 k - a +2 ring mail of magic resistance (worn)
 t - a +1 helmet (worn)
 w - a +0 pair of boots (worn)
Jewellery
 l - an amulet of magic regeneration (around neck)
Scrolls
 i - a scroll of identify {unknown}
 n - a scroll of magic mapping
 o - a scroll of fear {unknown}
 s - a scroll of immolation {unknown}
 u - a scroll of recharging {unknown}
 v - a scroll of amnesia {unknown}
Potions
 e - a potion of agility {unknown}
 g - a potion of cure mutation
 j - 2 potions of resistance {unknown}
 p - a potion of heal wounds {unknown}
 q - a potion of flight {unknown}
Books
 h - a book of Minor Magic

   Spells                             Type                      Level
   a - Magic Dart                     Conjuration                  1
   b - Blink                          Translocation                2
   c - Call Imp                       Summoning                    2
   d - Repel Missiles                 Charms/Air                   2
   e - Slow                           Hexes                        2
   f - Conjure Flame                  Conjuration/Fire             3
   g - Mephitic Cloud                 Conjuration/Poison/Air       3
Comestibles
 b - 3 meat rations
 c - 4 chunks of flesh
 f - 4 bread rations
 r - 3 fruits


   Skills:
 - Level 3.1 Fighting
 * Level 5.9 Long Blades
 - Level 1.7 Throwing
 + Level 1.9 Armour
 - Level 2.8 Dodging


You had 5 spell levels left.
You didn't know any spells.

Dungeon Overview and Level Annotations

Branches:
Dungeon (3/15)

Altars:


Innate Abilities, Weirdness & Mutations

You are partially covered in thin metallic scales. (AC +2)


Message History

The orc priest is moderately wounded.
The orc priest mumbles some strange prayers to Beogh against you.
Beogh smites you!
* * * LOW HITPOINT WARNING * * *
The orc closely misses you.
You riposte.
You barely miss the orc. The orc priest barely misses you.
It was a potion of cure mutation.
It has a very clean taste.
The orc barely misses you.
The orc priest hits you but does no damage.
You hit the orc priest but do no damage.
The orc priest is moderately wounded.
The orc hits you but does no damage.
The orc priest hits you but does no damage.
Okay, then.
You slash the orc priest!
The orc priest is severely wounded.
The orc hits you but does no damage.
The orc priest calls down the wrath of Beogh upon you.
Beogh smites you!
You die...

###.....# #.......#
#################.#
..................#
##.####.####.####.#
.+.'.[#.#..+.'..#.#
.#.#..#.#..#.#).#.#
รท#.##+#.##'#.##'#o#
................@o#
'#.##+#.##+#.##'#.#
.#.# #.# #.#..#.#
.#.# +.+ #.#..#.#
##.# #.# #.####.#
..... ... ... ..#
######### ########
.......# ..#
###..#.# #.#


You could see an orc priest and an orc.

Vanquished Creatures
  Sigmund (D:2)
  Natasha (thrice) (D:2 D:1)
  Robin (D:2)
  3 adders (D:2)
  An ooze (D:2)
  A worm (D:2)
  6 dart slugs
  4 leopard geckos
  4 orcs
  4 giant cockroaches
  16 goblins
  13 hobgoblins
  9 kobolds
  A quokka (D:1)
  2 ball pythons (D:1)
  9 bats
  6 frilled lizards
  9 rats
93 creatures vanquished.

Vanquished Creatures (others)
  A bat (D:1)
1 creature vanquished.

Grand Total: 94 creatures vanquished

Notes
Turn   | Place    | Note
-------+----------+-------------------------------------------
     0 | D:1      | Fraydo the Demonspawn Gladiator began the quest for the Orb.
     0 | D:1      | Reached XP level 1. HP: 16/16 MP: 1/1
   144 | D:1      | Reached skill level 3 in Long Blades
   147 | D:1      | Gained mutation: You are partially covered in thin metallic scales. (AC +2) [demonic ancestry]
   147 | D:1      | Reached XP level 2. HP: 21/22 MP: 2/2
   452 | D:1      | Reached XP level 3. HP: 27/27 MP: 3/3
   707 | D:2      | Noticed Robin
   709 | D:2      | Noticed Sigmund
   918 | D:1      | Reached skill level 4 in Long Blades
  1033 | D:2      | Reached XP level 4. HP: 21/33 MP: 4/4
  1563 | D:2      | Noticed Natasha
  1683 | D:2      | Killed Natasha
  2100 | D:2      | Noticed Natasha
  2111 | D:2      | Killed Natasha
  2111 | D:2      | Reached XP level 5. HP: 37/40 MP: 5/5
  2248 | D:2      | Noticed Natasha
  2290 | D:1      | Killed Natasha
  2290 | D:1      | Reached skill level 5 in Long Blades
  2727 | D:2      | Killed Robin
  2919 | D:2      | Killed Sigmund
  2919 | D:2      | Reached skill level 1 in Armour
  2919 | D:2      | Reached XP level 6. HP: 45/47 MP: 6/6
  3697 | D:3      | Killed from afar by an orc priest

Vault maps used:
D:1:      saegor_arrival_simple_a, hex_tiny
D:2:      kennysheep_six_static_rooms, uniq_robin, uniq_natasha, uniq_sigmund
D:3:      minmay_door_path, first_bread, minmay_strange_pillars,
          nicolae_qazlal_style_of_elements

Skill      XL: |  1  2  3  4  5 |
---------------+----------------+-----
Long Blades    | 3 4 5 |  5.9
Fighting       | 3 |  3.1
Armour         | 1 |  1.9
Throwing       | |  1.7
Dodging        | |  2.8

Action                   |  1- 3 |  4- 6 || total
-------------------------+-------+-------++-------
Melee: Dagger            |   134 |   106 ||   240
       Long sword        |     6 |    69 ||    75
Throw: Throwing net      |       |     2 ||     2
  Use: Scroll            |     2 |       ||     2
       Potion            |       |     1 ||     1
 Stab: Held in net/web   |       |     1 ||     1
  Eat: Chunk             |       |     8 ||     8
       Fruit             |       |     1 ||     1
Armor: Leather armour    |     6 |       ||     6
       Ring mail         |    60 |    77 ||   137
Dodge: Dodged            |    91 |    97 ||   188
       Rpst.: Long sword |       |    13 ||    13
